 Dungeon Crawl Stone Soup version 0.26-a0-812-g31a745ddcd (webtiles) character file.

Game seed: 3246623559904748710

142 Borgoz the Cudgeller (level 5, -4/32 HPs)
             Began as a Gargoyle Gladiator on Dec 8, 2020.
             Was an Initiate of Okawaru.
             Killed by divine providence
             ... invoked by an orc priest
              (9 damage)
             ... on level 3 of the Dungeon.
             The game lasted 00:03:30 (1881 turns).

Borgoz the Cudgeller (Gargoyle Gladiator)           Turns: 1881, Time: 00:03:31

Health: -4/32      AC: 14    Str: 18    XL:     5   Next: 24%
Magic:  4/4        EV: 10    Int:  9    God:    Okawaru [......]
Gold:   207        SH:  0    Dex: 11    Spells: 4/4 levels left

rFire    . . .     SeeInvis .   a - +0 flail
rCold    + . .     Faith    .   (no shield)
rNeg     + . .     Spirit   .   k - +0 scale mail
rPois    ∞         Reflect  .   c - +1 helmet
rElec    +         Harm     .   (no cloak)
rCorr    .         Rampage  .   f - +0 pair of gloves
MR       .....                  (no boots)
Stlth    ..........             (no amulet)
HPRegen  0.10/turn              e - ring of protection from cold
MPRegen  0.09/turn              (no ring)

@: brilliant, attractive
A: blurry vision 1, low mp 1, negative energy resistance 1, shaggy fur 1,
electricity resistance, unbreathing, petrification resistance, rot immunity, AC
+4
a: Renounce Religion


You were on level 3 of the Dungeon.
You worshipped Okawaru.
Okawaru was noncommittal.
You visited 1 branch of the dungeon, and saw 3 of its levels.

You collected 207 gold pieces.

Inventory:

Hand Weapons
 a - a +0 flail (weapon)
Missiles
 d - 4 throwing nets (quivered)
Armour
 c - a +1 helmet (worn)
 f - a +0 pair of gloves (worn)
 k - a +0 scale mail (worn)
Jewellery
 e - a ring of protection from cold (left hand)
Scrolls
 h - a scroll of enchant armour
 m - a scroll of teleportation {unknown}
 q - a scroll of remove curse
 r - a scroll of enchant weapon {unknown}
Potions
 b - a potion of attraction
 g - a potion of brilliance
 i - a potion of magic
 j - a potion of cancellation {unknown}
 n - a potion of lignification {unknown}
 o - a potion of invisibility {unknown}
 p - a potion of ambrosia {unknown}
 s - a potion of mutation
 t - a potion of haste {unknown}


   Skills:
 + Level 3.2 Fighting
 * Level 4.3 Maces & Flails
 - Level 1.7 Throwing
 + Level 2.1 Armour
 + Level 3.0 Dodging


You had 4 spell levels left.
You didn't know any spells.
Your spell library was empty.

Dungeon Overview and Level Annotations

Branches:
Dungeon (3/15)

Altars:
Dithmenos
Kikubaaqudgha
Okawaru
Sif Muna
Uskayaw


Innate Abilities, Weirdness & Mutations

You are resistant to torment.
Your stone body is resilient. (AC +4)
You are immune to poison.
You resist negative energy. (rN+)
You are resistant to electric shocks. (rElec)
You can survive without breathing.
You are immune to petrification.
You are immune to rotting.
Scrolls take you a little longer to read.
Your magical capacity is low. (-10% MP)
You are covered in fur. (AC +1)


Message History

Beogh smites you!
The orc wizard miscasts a cantrip.
It was a potion of attraction.
You feel attractive to monsters.
The orc priest hits you but does no damage.
The orc hits you with a +0 mace.
* * * LOW HITPOINT WARNING * * *
The orc wizard hits you but does no damage.
It was a potion of brilliance.
You feel clever all of a sudden.
The orc priest hits you but does no damage.
The orc wizard hits you but does no damage.
The orc hits you with a +0 mace.
* * * LOW HITPOINT WARNING * * *
It was a potion of mutation.
You feel extremely strange.
Your vision blurs.
You feel less energetic. Fur sprouts all over your body.
The orc wizard closely misses you. The orc hits you but does no damage.
The orc priest invokes the aid of Beogh against you.
Beogh smites you!
You die...

######.#####
#..........#
#..........#
#........###
#...####.....
######...####.###.
#........##...##
#.####...##....##.#.
#.....)@o......
#..#.##oo..##.#
#..#.###...# ####.#
.### #.. .# ### ..
.# ..


You could see an orc priest, an orc wizard and an orc.

Vanquished Creatures
  An orc priest (D:3)
  3 adders
  An ooze (D:3)
  An adder skeleton (D:2)
  A worm (D:3)
  3 dart slugs
  3 leopard geckos
  2 orcs (D:3)
  10 bats
  2 giant cockroaches
  6 goblins (D:1)
  10 hobgoblins
  2 jackals (D:3)
  A quokka (D:2)
  5 frilled lizards
  2 kobolds
  13 rats
66 creatures vanquished.

Notes
Turn   | Place    | Note
-------+----------+-------------------------------------------
     0 | D:1      | Borgoz the Gargoyle Gladiator began the quest for the Orb.
     0 | D:1      | Reached XP level 1. HP: 12/12 MP: 1/1
    67 | D:1      | Reached XP level 2. HP: 11/18 MP: 2/2
   629 | D:1      | Reached skill level 1 in Armour
   647 | D:1      | Reached XP level 3. HP: 22/22 MP: 3/3
   858 | D:2      | Found a shadowy altar of Dithmenos.
  1090 | D:2      | Reached XP level 4. HP: 24/27 MP: 4/4
  1359 | D:2      | Found an iron altar of Okawaru.
  1375 | D:2      | Became a worshipper of Warmaster Okawaru
  1391 | D:2      | Found a hide-covered altar of Uskayaw.
  1391 | D:2      | Found an ancient bone altar of Kikubaaqudgha.
  1657 | D:3      | Reached skill level 4 in Maces & Flails
  1812 | D:3      | Reached XP level 5. HP: 31/32 MP: 5/5
  1853 | D:3      | Found a shimmering blue altar of Sif Muna.
  1881 | D:3      | Gained mutation: Scrolls take you a little longer to read.
                  | [potion of mutation]
  1881 | D:3      | Gained mutation: Your magical capacity is low. (-10% MP)
                  | [potion of mutation]
  1881 | D:3      | Gained mutation: You are covered in fur. (AC +1) [potion of
                  | mutation]
  1881 | D:3      | Killed from afar by an orc priest

Illustrated notes

Levels and vault maps discovered:
D:1:      roderic_crossed_star, layout_loops_ring,
          chequers_serial_rivers_micro_c, st_stairs_1
D:2:      layout_basic, minitemple, nicolae_dithmenos_shadow_blocks,
          okawaru_trees_2
D:3:      layout_basic, nicolae_overflow_crystal_walls,
          kennysheep_generic_room_15

Skill      XL: |  1  2  3  4 |
---------------+-------------+-----
Armour         | 1 2 |  2.1
Maces & Flails | 4 |  4.3
Fighting       | 3 |  3.2
Dodging        | 3 |  3.0
Throwing       | |  1.7

Action                   |  1- 3 |  4- 6 || total
-------------------------+-------+-------++-------
Melee: Flail             |   123 |   106 ||   229
Throw: Throwing net      |       |     1 ||     1
  Use: Scroll            |       |     6 ||     6
       Potion            |       |     4 ||     4
Armor: Leather armour    |    25 |       ||    25
       Scale mail        |    49 |    63 ||   112
Dodge: Dodged            |    89 |    79 ||   168

Table legend: (Time is in decaauts)
 A = Elapsed time spent in this place.
 B = Non-inter-level travel time spent in this place.
 C = Inter-level travel time spent in this place.
 D = Time resting spent in this place.
 E = Time spent auto-exploring this place.
 F = Levels seen in this place.
 G = Mean time per level.
                   A        B        C        D        E       F      G
               +--------+--------+--------+--------+--------+-----+--------+
         Total |   1930 |   1903 |     27 |    262 |   1128 |   3 |  643.3 |
       Dungeon |   1930 |   1903 |     27 |    262 |   1128 |   3 |  643.3 |
               +--------+--------+--------+--------+--------+-----+--------+

Top non-repeatable levels by time:
     D:1: 799 daAuts
     D:2: 798 daAuts
     D:3: 331 daAuts
